 Dungeon Crawl Stone Soup version 0.23-a0-704-g7fdf9c5 (webtiles) character file.

84 Lanoc the Insei (level 4, -2/28 HPs)
             Began as an Octopode Transmuter on Jan 14, 2019.
             Slain by a kobold
             ... wielding a +2 short sword of venom
              (4 damage)
             ... on level 1 of the Dungeon.
             The game lasted 00:03:57 (1386 turns).

Lanoc the Insei (Octopode Transmuter)               Turns: 1386, Time: 00:03:58

Health: -2/28      AC:  1    Str:  9    XL:     4   Next: 45%
Magic:  5/7        EV: 13    Int: 16    God:
Gold:   46         SH:  0    Dex: 12    Spells: 1/7 levels left

rFire    . . .     SeeInvis +     - Unarmed
rCold    . . .     Gourm    .   (no shield)
rNeg     . . .     Faith    .   (helmet restricted)
rPois    +         Spirit   .   (no amulet)
rElec    .         Reflect  .   g - ring of see invisible
rCorr    .         Harm     .   i - ring of poison resistance
MR       .....                  (no ring)
Stlth    ++........             (no ring)
HPRegen  0.09/turn              (no ring)
MPRegen  0.10/turn              (no ring)
                                (no ring)
                                (no ring)

@: no status effects
A: almost no armour, stealthy swim, amphibious, 8 rings, constrict 8, camouflage
1, gelatinous body 1
a: no special abilities


You were on level 1 of the Dungeon.
You were not hungry.

You visited 1 branch of the dungeon, and saw 2 of its levels.

You collected 46 gold pieces.

Inventory:

Missiles
 a - 31 arrows
Jewellery
 g - a ring of see invisible (left tentacle)
 i - a ring of poison resistance (right tentacle)
Scrolls
 b - 2 scrolls of remove curse {unknown}
 e - 2 scrolls of teleportation {unknown}
 f - a scroll of random uselessness {unknown}
Potions
 d - a potion of curing {unknown}
 h - a potion of mutation {unknown}
Comestibles
 c - 6 rations
 j - 2 chunks of flesh


   Skills:
 + Level 1.5 Fighting
 + Level 2.4 Dodging
 * Level 3.6 Unarmed Combat
 + Level 2.4 Spellcasting
 * Level 3.0 Transmutations


You had one spell level left.
You knew the following spells:

 Your Spells              Type           Power        Failure   Level  Hunger
a - Beastly Appendage     Tmut           ##....       6%          1    #......
b - Sticks to Snakes      Tmut           ##......     9%          2    ###....
c - Spider Form           Tmut/Pois      #.........   32%         3    ###....

Your spell library contained the following spells:

 Spells                   Type           Power        Failure   Level  Hunger
 Ice Form                 Ice/Tmut       #.......     71%         4    #####..
 Blade Hands              Tmut           ##........   85%         5    ######.


Dungeon Overview and Level Annotations

Branches:
Dungeon (2/15)

Altars:


Innate Abilities, Weirdness & Mutations

You cannot wear most types of armour.
You are very stealthy in the water. (Stealth+)
You are amphibious.
You can wear up to eight rings at the same time.
You can use your tentacles to constrict eight enemies at once.
Your skin changes colour to match your surroundings (Stealth+).
Your rubbery body absorbs attacks. (AC +1, EV +1)


Message History

You kill the bat!
The gnoll closely misses you. The gnoll misses you.
The gnoll hits you with a +0 spear!
* * * LOW HITPOINT WARNING * * *
The gnoll barely misses you.
Things that are here:
a bat corpse; an adder corpse You barely miss the gnoll.
The kobold completely misses you. The gnoll hits you with a +0 spear!
* * * LOW HITPOINT WARNING * * *
The gnoll hits you but does no damage. The gnoll barely misses you.
The gnoll misses you.
There is a stone staircase leading up here.
The kobold barely misses you. The gnoll misses you. x2
You climb upwards.
There is a stone staircase leading down here.
You hit the kobold but do no damage.
The kobold is poisoned.
Your transformation has ended.
The kobold hits you with a +2 short sword of venom.
You die...

...(.# ##.##.#
#.......# ####.# #..#.#
#.......# ...#.# ##.#.#
######### .###.####
#...# ........# ##..#
#####.#.### #..#
#.#...# ##.#
#.###.######K#
#####.#.#...#..)@#
....#.#.#.###.####
###.#.#.....#.# #####
#.#.#.#.#.#^# #...#
#.#.#.#.#.#.#######.#.#
#.#.#...#.#........)..#
#.#.#####.#########.###
#.#.................#
#.........###########


You could see a kobold.

Vanquished Creatures
  3 adders (D:2)
  An adder skeleton (D:2)
  2 worms (D:2)
  2 dart slugs (D:1)
  A leopard gecko (D:2)
  A ball python (D:2)
  6 hobgoblins
  5 bats
  2 frilled lizards (D:1)
  4 goblins
  4 kobolds (D:1)
  18 rats
49 creatures vanquished.

Notes
Turn   | Place    | Note
-------+----------+-------------------------------------------
     0 | D:1      | Lanoc the Octopode Transmuter began the quest for the Orb.
     0 | D:1      | Reached XP level 1. HP: 13/13 MP: 3/3
    19 | D:1      | Reached XP level 2. HP: 7/18 MP: 3/5
   404 | D:1      | Reached XP level 3. HP: 20/23 MP: 6/6
   408 | D:1      | Learned a level 2 spell: Sticks to Snakes
  1133 | D:2      | Learned a level 3 spell: Spider Form
  1178 | D:2      | Reached XP level 4. HP: 18/28 MP: 4/7
  1386 | D:1      | Slain by a kobold

Vault maps used:
D:1:      erik_arrival_orb_chamber, due_unseen_surprise

Skill      XL: |  1  2  3  4 |
---------------+-------------+-----
Transmutations | 3 |  3.0
Fighting       | |  1.5
Dodging        | |  2.4
Unarmed Combat | |  3.6
Spellcasting   | |  2.4

Action                   |  1- 3 |  4- 6 || total
-------------------------+-------+-------++-------
Melee: Unarmed           |    81 |    23 ||   104
       Constrict         |    19 |     1 ||    20
       Kick              |     6 |     1 ||     7
       Tentacles         |     5 |     3 ||     8
       Punch             |     1 |       ||     1
 Cast: Beastly Appendage |     6 |     1 ||     7
       Spider Form       |     1 |     2 ||     3
 Stab: Sleeping          |     3 |       ||     3
  Eat: Chunk             |     1 |     1 ||     2
Armor: Skin              |     9 |     6 ||    15
Dodge: Dodged            |    42 |    60 ||   102

Table legend:
 A = Non-vault XP
 B = Vault XP
 C = Vault XP percentage of total XP
 D = Non-vault monster count
 E = Vault monster count
 F = Vault count percentage of total count
                 A         B        C        D         E       F
            +---------+---------+-------+---------+---------+-------
      Total |     108 |      12 |  10.0 |      37 |      12 |  24.5
            +---------+---------+-------+---------+---------+-------
        D:1 |      39 |      12 |  23.5 |      24 |      12 |  33.3
        D:2 |      69 |       0 |   0.0 |      13 |       0 |   0.0
            +---------+---------+-------+---------+---------+-------
